 Dungeon Crawl Stone Soup version 0.18-a0-1435-gee79d65 (webtiles) character file.

320 gorblad the Skirmisher (level 6, -5/51 HPs)
             Began as a Demonspawn Fighter on Feb 28, 2016.
             Killed from afar by an orc wizard (12 damage)
             ... with a puff of flame
             ... on level 4 of the Dungeon.
             The game lasted 00:06:22 (3088 turns).

gorblad the Skirmisher (Demonspawn Fighter)         Turns: 3088, Time: 00:06:22

Health: -5/51      AC: 10    Str: 18    XL:     6   Next: 22%
Magic:  6/6        EV:  4    Int:  9    God:
Gold:   143        SH: 10    Dex: 13    Spells: 0 memorised, 5 levels left

rFire  . . .     SeeInvis .     a - +0 trident
rCold  + . .     Gourm    .     m - +0 plate armour
rNeg   . . .     Faith    .     c - +1 shield
rPois  .         Spirit   .     (helmet restricted)
rElec  .         Dismiss  .     i - +2 cloak
rCorr  .         Reflect  .     (no gloves)
SustAt .         Harm     .     p - +0 pair of boots
MR     +....                    e - amulet of regeneration
Stlth  ..........               (no ring)
                                h - ring of protection from magic

@: lethally poisoned (-5 -> -5), somewhat resistant to hostile enchantments,
extremely unstealthy
A: antennae 2, talons 1, cold resistance 1, deformed body, powered by pain 1,
sturdy frame 1
a: no special abilities


You were on level 4 of the Dungeon.
You were hungry.

You visited 1 branch of the dungeon, and saw 4 of its levels.

You collected 143 gold pieces.

Inventory:

Hand Weapons
 a - a +0 trident (weapon)
Armour
 b - a +0 scale mail
 c - a +1 shield (worn)
 i - a +2 cloak (worn)
 m - a +0 plate armour (worn)
 p - a +0 pair of boots (worn)
Jewellery
 e - an amulet of regeneration (around neck)
 h - a ring of protection from magic (left hand)
Wands
 u - a wand of flame (13/48)
Scrolls
 g - 3 scrolls of fog
 k - 2 scrolls of remove curse
 l - a scroll of recharging
Potions
 d - a potion of might
 n - a potion of mutation
Books
 q - Kikubaaqudgha's Guide on Dark Arts
   (You found it on level 2 of the Dungeon)

   Spells                             Type                      Level
   a - Animate Skeleton               Necromancy                   1
Comestibles
 f - 4 bread rations
 j - a meat ration


   Skills:
 + Level 5.4 Fighting
 + Level 4.3 Polearms
 - Level 2.6 Armour
 - Level 2.6 Shields


You had 5 spell levels left.
You didn't know any spells.

Dungeon Overview and Level Annotations

Branches:
Dungeon (4/15)
 Temple: D:4-7

Altars:
Kikubaaqudgha
Sif Muna
Vehumet
Xom
The Shining One


Innate Abilities, Weirdness & Mutations

You have sharp toenails.
Your flesh is cold resistant.
You sometimes gain a little power by taking damage.
Your movements are slightly less encumbered by armour (ER -2).
You have a pair of antennae on your head.
Armour fits poorly on your strangely shaped body.


Message History

You are too injured to fight recklessly!
You are too injured to fight recklessly!
You are too injured to fight recklessly!
You are too injured to fight recklessly!
You are too injured to fight recklessly!
You are too injured to fight recklessly!
You are too injured to fight recklessly!
You puncture something!
You hear some strange, mumbled words.
A puff of flame appears from out of thin air!
The puff of flame hits you!
* * * LOW HITPOINT WARNING * * *
Your shield and plate armour prevent you from hitting something.
You feel sick. Something hits you.
* * * LOW HITPOINT WARNING * * *
You miss something.
You hear some strange, mumbled words.
A puff of flame appears from out of thin air!
The puff of flame hits you!
You die...

#.....# #.. .# #.....#
#.#..# #.....# #.#..##
......## #.#...
#.#....### #.#.# ###
..#.##...#####...# !...
..............).# .....
.#...........?).##......
....##..........@{o.....
.....#######..(###......
.##...# #...# .....
......# #....# ....
....... ........ ...
....... .......<.. ..
.[................ #
.................
.......


You could see an orc.

Vanquished Creatures
  The ghost of M4edhros the Charlatan, a weakling OpAr (D:4)
  An orc wizard (D:4)
  An iguana (D:4)
  2 worker ants (D:4)
  4 gnolls (D:3)
  4 adders (D:2)
  2 worms (D:3)
  4 dart slugs
  5 giant geckos
  3 orcs
  3 ball pythons (D:2)
  5 giant cockroaches
  7 hobgoblins
  11 jackals
  A quokka (D:3)
  5 bats
  3 giant newts
  6 goblins
  7 kobolds
  A quokka skeleton (D:4)
  14 rats
90 creatures vanquished.

Notes
Turn   | Place    | Note
--------------------------------------------------------------
     0 | D:1      | gorblad the Demonspawn Fighter began the quest for the Orb.
     0 | D:1      | Reached XP level 1. HP: 18/18 MP: 1/1
   137 | D:1      | Gained mutation: You sometimes gain a little power by taking damage. [demonic ancestry]
   137 | D:1      | Reached XP level 2. HP: 24/24 MP: 2/2
   395 | D:1      | Gained mutation: Your flesh is cold resistant. [demonic ancestry]
   395 | D:1      | Reached XP level 3. HP: 30/30 MP: 3/3
   705 | D:2      | Reached skill level 4 in Fighting
  1106 | D:2      | Gained mutation: You have sharp toenails. [demonic ancestry]
  1106 | D:2      | Reached XP level 4. HP: 37/37 MP: 4/4
  1922 | D:2      | Found an ancient bone altar of Kikubaaqudgha.
  1935 | D:2      | Found a deep blue altar of Sif Muna.
  1939 | D:2      | Found a radiant altar of Vehumet.
  1942 | D:2      | Identified Kikubaaqudgha's Guide on Dark Arts
  2072 | D:3      | Found a glowing golden altar of the Shining One.
  2162 | D:3      | Found a shimmering altar of Xom.
  2163 | D:3      | Found a shimmering altar of Xom.
  2174 | D:3      | Found a shimmering altar of Xom.
  2249 | D:3      | Found a shimmering altar of Xom.
  2249 | D:3      | Found a shimmering altar of Xom.
  2250 | D:3      | Found a shimmering altar of Xom.
  2250 | D:3      | Found a shimmering altar of Xom.
  2250 | D:3      | Found a shimmering altar of Xom.
  2252 | D:3      | Found a shimmering altar of Xom.
  2652 | D:3      | Reached XP level 5. HP: 43/43 MP: 5/5
  2853 | D:4      | Noticed M4edhros's ghost (weakling OpAr)
  2860 | D:4      | Killed M4edhros's ghost
  2860 | D:4      | Reached skill level 5 in Fighting
  2914 | D:4      | Gained mutation: Armour fits poorly on your strangely shaped body. [potion of mutation]
  2914 | D:4      | Gained mutation: You have a pair of small antennae on your head. [potion of mutation]
  2914 | D:4      | Gained mutation: You have a pair of antennae on your head. [potion of mutation]
  2916 | D:4      | HP: 2/66 [iguana (4)]
  2924 | D:4      | Gained mutation: Your movements are slightly less encumbered by armour (ER -2). [demonic ancestry]
  2924 | D:4      | Reached XP level 6. HP: 16/51 MP: 6/6
  3088 | D:4      | Killed from afar by an orc wizard

Vault maps used:
D:1:      onia_arrival_larder, minmay_misc_feat_rows
D:2:      grunt_temple_overflow_magic_moments
D:3:      nicolae_tso_swordbearing_angel, xom_redecorated,
          kennysheep_generic_room_8
D:4:      hangedman_abyss_or_decor_slice, serial_bayou_lake_a

Skill      XL: |  1  2  3  4  5 |
---------------+----------------+-----
Polearms       | 2 3 4 |  4.3
Fighting       | 4 5 |  5.4
Armour         | |  2.6
Shields        | |  2.6

Action                   |  1- 3 |  4- 6 || total
-------------------------+-------+-------++-------
Melee: Trident           |   166 |   213 ||   379
  Use: Scroll            |     6 |     6 ||    12
       Potion            |       |     5 ||     5
  Eat: Chunk             |     1 |     6 ||     7
